Map: Nightshade LE

Players

mastertiger

  • Race: Protoss Protoss
  • Spawn Location: 5:00

ViBE - Winner!

  • Race: Zerg Zerg
  • League: Platinum
  • Spawn Location: 11:00

VOD

Have the link to the VOD?

Description

Time

  • Played on: Dec. 10, 2019, 10:21 p.m.
  • Length: 11:05
Show
View Real Time Build Order
Export as new Build Order

mastertiger Protoss 

Build Orders:  

Get SALT Encoding   

  12  0:09  Pylon  
  12  0:29  Forge  
  12  0:45  Pylon  
  12  0:53  Probe (Chrono Boost)  
  13  1:02  Probe (Chrono Boost)  
  14  1:05  Photon Cannon  
  14  1:07  Probe (Chrono Boost)  
  15  1:27  Pylon  
  15  1:41  Pylon  
  15  1:50  Photon Cannon  
  15  2:06  Gateway  
  15  2:10  Assimilator  
  15  2:22  Photon Cannon  
  15  2:32  Photon Cannon  
  15  2:43  Pylon  
  15  2:47  Probe (Chrono Boost)  
  16  2:57  Probe (Chrono Boost)  
  17  3:02  Probe (Chrono Boost)  
  18  3:06  Cybernetics Core  
  17  3:24  Zealot (Chrono Boost)  
  19  3:34  Assimilator  
  19  3:36  Probe (Chrono Boost)  
  20  3:45  Probe (Chrono Boost)  
  21  3:53  Shield Battery  
  21  4:03  Probe  
  21  4:07  Warp Gate (Chrono Boost)  
  22  4:13  Pylon  
  22  4:15  Probe  
  23  4:26  Stalker  
  23  4:27  Probe  
  26  4:35  Stargate  
  26  4:46  Probe (Chrono Boost)  
  27  4:55  Probe (Chrono Boost)  
  27  4:56  Stalker  
  30  5:11  Nexus  
  30  5:40  Probe  
  31  5:51  Fleet Beacon  
  31  5:57  Pylon  
  31  6:13  Nexus  
  31  6:15  Probe  
  32  6:24  Void Ray  
  37  6:32  Probe (Chrono Boost)  
  37  6:42  Probe (Chrono Boost)  
  37  6:44  Probe (Chrono Boost)  
  39  6:47  Probe (Chrono Boost)  
  39  6:52  Probe  
  41  7:07  Carrier  
  47  7:19  Sentry  
  49  7:23  Assimilator  
  49  7:26  Probe (Chrono Boost)  
  49  7:28  Assimilator  
  51  7:37  Probe (Chrono Boost)  
  51  7:42  Probe (Chrono Boost)  
  52  7:53  Probe  
  53  8:28  Pylon  
  53  8:44  Pylon  
  53  8:47  Carrier  
  59  8:55  Shield Battery  
  51  9:15  Mothership (Chrono Boost)  
  59  10:03  Pylon  
  59  10:06  Pylon  
  57  10:25  Pylon  
Show
View Real Time Build Order
Export as new Build Order

ViBE Zerg - Winner!

Build Orders: Hatch First 

Get SALT Encoding   

  12  0:00  Drone  
  13  0:13  Overlord  
  13  0:17  Drone  
  14  0:31  Drone x2  
  16  0:51  Hatchery  
  16  0:55  Drone  
  16  0:56  Drone  
  17  1:09  Spawning Pool  
  17  1:20  Drone  
  17  1:22  Extractor, Hatchery  
  17  1:23  Extractor  
  17  1:24  Drone  
  16  1:27  Drone  
  17  1:40  Drone  
  18  1:49  Drone  
  19  1:56  Queen, Roach Warren  
  20  2:05  Drone  
  20  2:06  Overlord  
  21  2:36  Roach x3  
  27  2:42  Queen  
  29  2:45  Zergling x2  
  29  2:48  Drone  
  31  2:58  Ravager  
  31  2:59  Ravager x2  
  31  3:02  Overlord  
  34  3:05  Drone  
  34  3:08  Overlord  
  35  3:22  Drone x2  
  37  3:32  Drone  
  38  3:41  Drone x4  
  42  3:53  Drone  
  42  3:54  Drone x2  
  45  3:56  Drone x2  
  47  4:03  Overlord  
  47  4:12  Drone x4  
  47  4:16  Lair  
  51  4:23  Drone x2  
  51  4:24  Drone  
  54  4:27  Drone  
  54  4:28  Drone x2  
  57  4:31  Queen  
  59  4:42  Hatchery  
  58  4:49  Drone  
  58  4:50  Drone  
  58  4:51  Overlord  
  60  4:54  Extractor  
  60  4:56  Extractor  
  58  5:06  Drone x2  
  60  5:17  Drone x8  
  68  5:24  Overlord x2  
  68  5:32  Overlord x2  
  68  5:36  Overseer  
  68  5:37  Overlord x2  
  68  5:38  Overlord  
  68  5:49  Drone x2  
  70  5:54  Drone  
  71  5:59  Hydralisk Den  
  71  6:01  Hatchery  
  71  6:02  Glial Reconstitution  
  70  6:04  Drone x5  
  70  6:07  Queen  
  76  6:23  Drone  
  76  6:24  Drone x8  
  85  6:27  Extractor x2  
  85  6:29  Grooved Spines  
  83  6:40  Hydralisk x4  
  83  6:41  Hydralisk x2  
  95  7:15  Hydralisk x12  
  97  7:19  Overlord  
  97  7:20  Overlord x2  
  119  7:31  Overlord x3  
  119  7:40  Muscular Augments  
  119  8:00  Drone  
  119  8:01  Drone x10  
  119  8:03  Drone x4  
  134  8:13  Drone  
  134  8:14  Drone x2  
  137  8:24  Extractor x2  
  137  8:25  Drone x2  
  137  8:26  Hydralisk x3  
  143  8:40  Hatchery  
  142  8:41  Hydralisk x4  
  150  8:50  Overseer  
  150  9:03  Hydralisk x5  
  150  9:04  Hydralisk x4  
  168  9:10  Hatchery  
  168  9:11  Hatchery  
  168  9:12  Overlord x6  
  166  9:19  Overlord x6  
  166  9:27  Infestation Pit  
  165  9:33  Evolution Chamber  
  165  9:34  Drone  
  165  9:35  Drone x2, Evolution Chamber  
  165  9:36  Hydralisk  
  165  9:37  Hydralisk x5  
  178  9:57  Hydralisk  
  178  9:58  Hydralisk x10  
  199  10:15  Hydralisk  
  199  10:18  Hydralisk  
  199  10:41  Hydralisk  
Tags
 
League
Platinum
Matchup
PvZ
Replay Pack
Zerg
Spawn Locations
Cross Positions
Add a new tag
Caveats
  • Supply blocks, unpowered buildings, or Contaminate may cause inaccurate times.
  • Supply counts are checked every 10 seconds.